 Dungeon Sprint DCSS version 0.23-a0-635-g88ca12a (webtiles) character file.

36000000 Lanoc the Axe Maniac (level 27, 273/273 HPs)
             Began as a Hill Orc Monk on Dec 27, 2018.
             Was the Champion of Makhleb.
             Escaped with the Orb!
             The game lasted 00:07:38 (180 turns).

Lanoc the Axe Maniac (Hill Orc Monk)                 Turns: 180, Time: 00:07:39

Health: 273/273    AC:  4    Str: 27    XL:     27
Magic:  54/54      EV: 30    Int: 10    God:    Makhleb [******]
Gold:   0          SH:  0    Dex: 13    Spells: 80/80 levels left

rFire    . . .     SeeInvis .   j - +∞ Axe of Woe
rCold    . . .     Gourm    .   (shield currently unavailable)
rNeg     . . .     Faith    .   b - +0 robe
rPois    .         Spirit   .   (no helmet)
rElec    .         Reflect  .   (no cloak)
rCorr    .         Harm     .   (no gloves)
MR       ++...     NoTele   +   (no boots)
Stlth    +++.......             (no amulet)
HPRegen  0.55/turn              k - +30 ring of slaying
MPRegen  0.34/turn              l - +30 ring of slaying

@: no status effects
A: no striking features
0: Orb of Zot
a: Minor Destruction, Lesser Servant of Makhleb, Major Destruction, Greater
Servant of Makhleb, Renounce Religion


You escaped.
You worshipped Makhleb.
Makhleb was exalted by your worship.
You were not hungry.

You visited 1 branch

Inventory:

Hand Weapons
 j - the +∞ Axe of Woe (weapon)
   (You found it in the Dungeon)
 n - a +9 great sword of slicing
Armour
 b - a +0 robe (worn)
Jewellery
 k - a +30 ring of slaying (left hand)
 l - a +30 ring of slaying (right hand)
 m - a +100 ring of slaying
Scrolls
 i - a scroll of blinking
Potions
 d - a potion of curing
 e - a potion of heal wounds
 f - a potion of haste
 g - 2 potions of magic
 h - a potion of berserk rage
Comestibles
 c - a ration
 o - 3 chunks of flesh


   Skills:
 O Level 27 Fighting
 O Level 27 Long Blades
 O Level 27 Axes
 O Level 27 Throwing
 O Level 27 Armour
 O Level 27 Dodging
 O Level 27 Stealth
 O Level 27 Unarmed Combat
 O Level 27 Spellcasting
 O Level 27 Invocations


You had 80 spell levels left.
You didn't know any spells.
Your spell library was empty.

Dungeon Overview and Level Annotations

Branches:
Dungeon (1/1)

Altars:
Makhleb


Message History

You pulverise the destroyer into a thin bloody mist.
You destroy the destroyer!
Makhleb accepts your kill.
You open the bag of meat like a pillowcase!!!
You dissect the bag of meat like a pig carcass.
You kill the bag of meat!
Makhleb accepts your kill.
You hear a shout! x2
A bag of meat comes into view. It is wielding a +9 war axe.
You hear a shout!
There is a staircase leading out of the dungeon, spattered with blood here.
Things that are here:
a +9 war axe; a +30 ring of slaying; a bag of meat corpse You slice the bag of meat!!
You pulverise the bag of meat into a thin bloody mist.
You kill the bag of meat!
Makhleb accepts your kill.
You hear a shout! x4
You hear a shout! x6
You have escaped!

...2.......)..........
............).........
......#...V)))#..........
.#.... #.....).#..........
.....###...o)).###........
..........###.....).......
..#.....o.._4.....))......
#.......#o.o2o#..)))..#.#.
........#_o@._#..)).......
#.......#.....#......#.#.#
..#...).o.._..))..........
.......).)###.).......#.#.
.....###.).))).###........
.......#)))))).#..........
.......#..)).))#.........
............)))).........
.#........))))))...#...#


You could see a balrug, a red devil and 6 bags of meat.

Vanquished Creatures
  Dispater (D)
  3 vampire knights (D)
  20 ogres (D)
  5 two-headed ogres (D)
  91 orcs (D)
120 creatures vanquished.

Vanquished Creatures (others)
  5 ball lightnings (D)
5 creatures vanquished.

Grand Total: 125 creatures vanquished

Notes
Turn   | Place    | Note
-------+----------+-------------------------------------------
     0 | D        | Found the +∞ Axe of Woe
     0 | D        | Lanoc the Hill Orc Monk began the quest for the Orb.
     0 | D        | Reached XP level 1. HP: 19/19 MP: 1/1
     4 | D        | Became a worshipper of Makhleb the Destroyer
     4 | D        | Reached * piety under Makhleb
     4 | D        | Reached ** piety under Makhleb
     5 | D        | Noticed a bag of meat
     6 | D        | Noticed a bag of meat
     6 | D        | Noticed a bag of meat
     8 | D        | Killed a bag of meat
     8 | D        | Reached skill level 15 in Fighting
     8 | D        | Reached XP level 2. HP: 49/49 MP: 2/2
     8 | D        | Reached XP level 3. HP: 56/56 MP: 3/3
     8 | D        | Reached XP level 4. HP: 63/63 MP: 4/4
     8 | D        | Reached XP level 5. HP: 70/70 MP: 5/5
     8 | D        | Reached XP level 6. HP: 78/78 MP: 6/6
     8 | D        | Reached XP level 7. HP: 84/84 MP: 7/7
     8 | D        | Reached XP level 8. HP: 92/92 MP: 8/8
     8 | D        | Reached XP level 9. HP: 100/100 MP: 9/9
     8 | D        | Reached XP level 10. HP: 107/107 MP: 10/10
     8 | D        | Reached XP level 11. HP: 114/114 MP: 11/11
     8 | D        | Reached XP level 12. HP: 122/122 MP: 12/12
     8 | D        | Noticed a bag of meat
     8 | D        | Noticed a bag of meat
     9 | D        | Killed a bag of meat
     9 | D        | Reached XP level 13. HP: 134/134 MP: 13/13
     9 | D        | Noticed a bag of meat
     9 | D        | Noticed a bag of meat
    10 | D        | Noticed a bag of meat
    10 | D        | Noticed a meat berserker
    10 | D        | Noticed a bag of meat
    11 | D        | Killed a bag of meat
    11 | D        | Reached skill level 27 in Axes
    11 | D        | Reached XP level 14. HP: 146/146 MP: 14/14
    13 | D        | Noticed a large bag of meat
    14 | D        | Killed a bag of meat
    14 | D        | Reached *** piety under Makhleb
    14 | D        | Reached skill level 15 in Dodging
    14 | D        | Killed a bag of meat
    14 | D        | Reached XP level 15. HP: 162/162 MP: 15/15
    15 | D        | Killed a meat berserker
    15 | D        | Reached **** piety under Makhleb
    15 | D        | Reached XP level 16. HP: 182/182 MP: 16/16
    16 | D        | Reached skill level 27 in Fighting
    17 | D        | Reached skill level 27 in Armour
    17 | D        | Reached XP level 17. HP: 191/191 MP: 17/17
    22 | D        | Reached ***** piety under Makhleb
    22 | D        | Killed a large bag of meat
    22 | D        | Reached skill level 27 in Dodging
    22 | D        | Reached XP level 18. HP: 200/200 MP: 17/32
    24 | D        | Noticed a meat berserker
    25 | D        | Noticed a large bag of meat
    27 | D        | Noticed a meat berserker
    28 | D        | Killed a meat berserker
    28 | D        | Reached skill level 27 in Invocations
    28 | D        | Reached XP level 19. HP: 207/207 MP: 18/36
    30 | D        | Reached skill level 15 in Throwing
    30 | D        | Reached skill level 15 in Stealth
    34 | D        | Killed a meat berserker
    34 | D        | Reached XP level 20. HP: 216/216 MP: 19/37
    34 | D        | Killed a large bag of meat
    34 | D        | Reached ****** piety under Makhleb
    38 | D        | Reached skill level 27 in Throwing
    38 | D        | Reached skill level 27 in Stealth
    38 | D        | Reached XP level 21. HP: 224/224 MP: 20/38
    53 | D        | Noticed a meat berserker
    54 | D        | Noticed a large bag of meat
    55 | D        | Noticed a meat berserker
    56 | D        | Killed a meat berserker
    56 | D        | Noticed a meat berserker
    57 | D        | Noticed a destroyer
    57 | D        | Reached XP level 22. HP: 233/233 MP: 25/49
    59 | D        | Killed a large bag of meat
    59 | D        | Reached skill level 27 in Spellcasting
    63 | D        | Reached skill level 27 in Unarmed Combat
    63 | D        | Reached XP level 23. HP: 240/240 MP: 26/54
    68 | D        | Reached XP level 24. HP: 249/249 MP: 28/54
    74 | D        | Killed a destroyer
    75 | D        | Reached XP level 25. HP: 257/257 MP: 30/54
    86 | D        | Reached skill level 27 in Long Blades
    87 | D        | Reached XP level 26. HP: 266/266 MP: 33/54
    91 | D        | Noticed a destroyer
    93 | D        | Killed a destroyer
    93 | D        | Reached XP level 27. HP: 273/273 MP: 35/54
   118 | D        | Noticed a large bag of meat
   129 | D        | Killed a large bag of meat
   138 | D        | Noticed a large bag of meat
   154 | D        | Killed a large bag of meat
   154 | D        | Noticed The Meatlord
   164 | D        | Killed The Meatlord
   165 | D        | Got the Orb of Zot
   168 | D        | Noticed a destroyer
   176 | D        | Killed a destroyer
   180 | D        | Escaped with the Orb!

Vault maps used:
D:        meatsprint

Skill      XL: |  1  2  3  4  5  6  7  8  9 10 11 12 13 14 15 16 17 18 19 20 21 22 23 24 25 |
---------------+----------------------------------------------------------------------------+-----
Fighting       | 15 17 19 22 26 27 | 27.0
Axes           | 22 25 27 | 27.0
Armour         | 14 16 17 21 24 27 | 27.0
Dodging        | 11 13 14 17 20 22 27 | 27.0
Invocations    | 21 27 | 27.0
Throwing       | 12 22 27 | 27.0
Stealth        | 12 22 27 | 27.0
Spellcasting   | 9 23 27 | 27.0
Unarmed Combat | 27 | 27.0
Long Blades    | 27 | 27.0

Action                   |  1- 3 |  4- 6 |  7- 9 | 10-12 | 13-15 | 16-18 | 19-21 | 22-24 | 25-27 || total
-------------------------+-------+-------+-------+-------+-------+-------+-------+-------+-------++-------
Melee: Executioner's axe |     1 |       |       |     1 |     3 |     6 |    10 |     9 |    54 ||    84
Dodge: Dodged            |       |       |       |       |       |       |       |       |     4 ||     4

Table legend:
 A = Non-vault XP
 B = Vault XP
 C = Vault XP percentage of total XP
 D = Non-vault monster count
 E = Vault monster count
 F = Vault count percentage of total count
                 A         B        C        D         E       F
            +---------+---------+-------+---------+---------+-------
      Total |       0 | 2737385 | 100.0 |       0 |     119 | 100.0
            +---------+---------+-------+---------+---------+-------
          D |       0 | 2737385 | 100.0 |       0 |     119 | 100.0
            +---------+---------+-------+---------+---------+-------
